AoeStats
← ITA | MarknighT

Arabia

504047443Analyzed
1v1 RM · 1mo ago on Sep 3, 2026· 29m 8s· 2 players
Game mode
Random Map
Map size
Tiny (2 player)
Population
200
Speed
Normal
Resources
Standard
Victory
Conquest
Starting age
Dark Age
Ending age
Imperial Age
RankedLock teamsTeams togetherTeam positionsShared explorationLock speedFull tech treeHidden civsTurbo modeCheats
Victory
Defeat
🇮🇹 Spanish · Italy
1884
+27
🇵🇪 Sicilians · Peru
2195
-27
[VL] Lil Franco
5:05 Loom
5:24 Loom
9:19 Feudal Age
9:26 Man-at-Arms
14:33 Double-Bit Axe
16:14 Fletching
17:03 Horse Collar
22:49 Castle Age
22:34 Padded Archer Armor
23:01 Crossbowman
23:55 Forging
26:18 Wheelbarrow
27:21 Bow Saw
ITA | MarknighT
5:17 Loom
8:33 Feudal Age
9:22 Double-Bit Axe
15:10 Fletching
24:14 Castle Age
22:00 Horse Collar
23:05 Bloodlines
23:04 Gold Mining
24:57 Scale Barding Armor
26:51 Chain Barding Armor
27:28 Wheelbarrow
29:43 Husbandry
Connection lost

Rejoining the realm…

Still unreachable

The connection could not be restored.

Session expired

The server has moved on; the page needs a fresh start.